 Dungeon Crawl Stone Soup version 0.27.1-33-g824d729ab1 (webtiles) character file.

Game seed: 15338753945640826328

102 raph the Conjurer (level 4, -5/24 HPs)
             Began as a Tengu Hedge Wizard on Dec 12, 2021.
             Was an Initiate of Zin.
             Shot with an arrow by a centaur (12 damage)
             ... on level 3 of the Dungeon.
             The game lasted 00:07:41 (4194 turns).

raph the Conjurer (Tengu Hedge Wizard)              Turns: 4194, Time: 00:07:41

Health: -5/24      AC:  2    Str: 10    XL:     4   Next: 77%
Magic:  6/9        EV: 12    Int: 16    God:    Zin [......]
Gold:   79         SH:  0    Dex: 13    Spells: 1/9 levels left

rFire    . . .     SeeInvis .   a - +0 dagger (spect)
rCold    . . .     Faith    .   (no shield)
rNeg     . . .     Spirit   .   b - +0 robe
rPois    .         Reflect  .   c - +0 hat
rElec    .         Harm     .   (no cloak)
rCorr    .         Rampage  .   (no gloves)
Will     .....                  (boots unavailable)
Stlth    ++........             (no amulet)
HPRegen  0.08/turn              (no ring)
MPRegen  0.11/turn              (no ring)

@: no status effects
A: beak, talons 3
a: Renounce Religion, Donate Gold


You were on level 3 of the Dungeon.
You worshipped Zin.
Zin was noncommittal.
You visited 1 branch of the dungeon, and saw 3 of its levels.

You collected 87 gold pieces.
You donated 8 gold pieces to Zin.

Inventory:

Hand Weapons
 a - a +0 spectral dagger (weapon)
Missiles
 f - 8 boomerangs
 i - 24 poisoned darts
Armour
 b - a +0 robe (worn)
 c - a +0 hat (worn)
Scrolls
 e - 3 scrolls of identify
 g - a scroll of blinking
Potions
 d - a potion of flight
 h - a potion of cancellation


   Skills:
 + Level 2.8 Dodging
 + Level 2.5 Stealth
 + Level 3.2 Spellcasting
 * Level 3.5 Conjurations
 - Level 1.9 Summonings
 - Level 1.2 Translocations
 * Level 1.6 Air Magic


You had one spell level left.
You knew the following spells:

 Your Spells              Type           Power      Damage    Failure   Level
a - Magic Dart            Conj           52%        1d5       4%          1
b - Call Imp              Summ           8%         N/A       13%         2
c - Blink                 Tloc           N/A        N/A       17%         2
d - Mephitic Cloud        Conj/Pois/Air  8%         N/A       26%         3

Your spell library contained the following spells:

 Spells                   Type           Power      Damage    Failure   Level
 Foxfire                  Conj/Fire      32%        2x1d5     9%          1
 Conjure Flame            Conj/Fire      8%         6-21      26%         3
 Slow                     Hex            2%         N/A       28%         2
 Inner Flame              Hex/Fire       2%         N/A       50%         3


Dungeon Overview and Level Annotations

Branches:
Dungeon (3/15)

Altars:
Ashenzari
Gozag
Sif Muna
Wu Jian
Zin
The Shining One

Shops:
D:2 :


Innate Abilities, Weirdness & Mutations

You have a beak for a mouth.
You have claws for feet.


Message History

The quokka is severely wounded.
The quokka bites you.
Aiming: Magic Dart (safe; 4% risk of failure)
Press: ? - help, Q - select action, (/) - cycle Shift-Dir - straight line, f/p - quokka
Aim: a quokka (severely wounded, 100% to hit)
The magic dart hits the quokka.
The quokka is almost dead.
The quokka closely misses you.
Aiming: Magic Dart (safe; 4% risk of failure)
Press: ? - help, Q - select action, (/) - cycle Shift-Dir - straight line, f/p - quokka
Aim: a quokka (almost dead, 100% to hit)
The magic dart hits the quokka.
You kill the quokka!
You start resting.
Magic restored.
You start resting.
HP restored.
You see here a quokka corpse.
Aiming: Magic Dart (safe; 4% risk of failure)
Press: ? - help, Q - select action, (/) - cycle Shift-Dir - straight line, f - centaur
Aim: a centaur, quivering arrows (asleep, 100% to hit)
The magic dart hits the centaur.
The centaur is lightly wounded.
The centaur wields a +0 shortbow.
The centaur shoots an arrow.
The arrow hits you.
Aiming: Magic Dart (safe; 4% risk of failure)
Press: ? - help, Q - select action, (/) - cycle Shift-Dir - straight line, f/p - centaur
Aim: a centaur, wielding a +0 shortbow and quivering arrows (lightly wounded, 100% to hit)
The magic dart hits the centaur.
The centaur is moderately wounded.
The centaur shoots an arrow.
The arrow hits you!
* * * LOW HITPOINT WARNING * * *
Aiming: Magic Dart (safe; 4% risk of failure)
Press: ? - help, Q - select action, (/) - cycle Shift-Dir - straight line, f/p - centaur
Aim: a centaur, wielding a +0 shortbow and quivering arrows (moderately wounded, 100% to hit)
The magic dart hits the centaur.
The centaur is moderately wounded.
The centaur shoots an arrow.
The arrow hits you!
Ouch! That really hurt!
You die...

########### #.........#
####.......).#
.............######
................@.#
......(......####........
.......####### ###......
.....### ..##.# .###.#
..# .....# #..c ###.##
#... ..#..# ._. .....#


You could see a centaur.

Vanquished Creatures
  2 adders
  2 worms
  4 dart slugs
  An orc (D:3)
  4 ball pythons
  6 bats
  6 endoplasms
  4 giant cockroaches
  8 goblins
  3 hobgoblins
  3 kobolds (D:1)
  4 quokkas
  A frilled lizard (D:1)
  3 rats
51 creatures vanquished.

Vanquished Creatures (collateral kills)
  A worm (D:2)
  A goblin (D:1)
  3 hobgoblins
  2 jackals (D:1)
  2 quokkas
  A frilled lizard (D:1)
  A rat (D:1)
11 creatures vanquished.

Grand Total: 62 creatures vanquished

Notes
Turn   | Place    | Note
-------+----------+-------------------------------------------
     0 | D:1      | raph the Tengu Hedge Wizard began the quest for the Orb.
     0 | D:1      | Reached XP level 1. HP: 10/10 MP: 5/5
   128 | D:1      | Found a faded altar of an unknown god.
   185 | D:1      | Reached skill level 1 in Translocations
   185 | D:1      | Reached XP level 2. HP: 15/15 MP: 1/7
   281 | D:1      | Learned a level 2 spell: Call Imp
   284 | D:1      | Learned a level 2 spell: Blink
  1273 | D:1      | Reached XP level 3. HP: 19/19 MP: 3/8
  1653 | D:2      | Found Wizxuahu's Book Boutique.
  2547 | D:2      | Learned a level 3 spell: Mephitic Cloud
  2655 | D:2      | Found a glowing silver altar of Zin.
  2662 | D:2      | Became a worshipper of Zin the Law-Giver
  2716 | D:2      | Reached XP level 4. HP: 24/24 MP: 4/9
  3453 | D:3      | Reached skill level 1 in Air Magic
  3654 | D:3      | Found an opulent altar of Gozag.
  3657 | D:3      | Found a glowing golden altar of the Shining One.
  3808 | D:3      | Found an ornate altar of the Wu Jian Council.
  3813 | D:3      | Found a broken altar of Ashenzari.
  4041 | D:3      | Noticed a centaur
  4114 | D:3      | Found a shimmering blue altar of Sif Muna.
  4194 | D:3      | Shot with an arrow by a centaur

Illustrated notes

Levels and vault maps discovered:
D:1:      grunt_arrival_lava_bath, layout_rooms,
          hellmonk_ecumenical_altar_blasted, chequers_garden, minmay_nonomino_d4
D:2:      layout_basic, serial_shops, shop, basic_altar, minmay_goblin_outpost
D:3:      layout_rooms, mainiacjoe_overflow_small_starburst,
          grunt_temple_overflow_cloverleaf

Skill      XL: |  1  2  3  4 |
---------------+-------------+-----
Translocations | 1 |  1.2
Conjurations   | 2 3 |  3.5
Air Magic      | 1 |  1.6
Dodging        | |  2.8
Stealth        | |  2.5
Spellcasting   | |  3.2
Summonings     | |  1.9

Action                   |  1- 3 |  4- 6 || total
-------------------------+-------+-------++-------
Melee: Dagger            |    40 |    28 ||    68
       Peck              |     4 |     2 ||     6
       Kick              |     5 |     7 ||    12
 Cast: Magic Dart        |    63 |    25 ||    88
       Call Imp          |    13 |       ||    13
       Blink             |     1 |       ||     1
  Use: Scroll            |     6 |     1 ||     7
 Stab: Sleeping          |       |     2 ||     2
Armor: Robe              |    12 |     8 ||    20
Dodge: Dodged            |    47 |    21 ||    68
